Workbook
Name \0: #REF!
Name \0: #REF!
Name \00: #REF!
Name \00: #REF!
Name \a: #REF!
Name \a: #REF!
Name \AA: #REF!
Name \AA: #REF!
Name \b: #REF!
Name \b: #REF!
Name \bb: #REF!
Name \bb: #REF!
Name \E: #REF!
Name \E: #REF!
Name \EE: #REF!
Name \EE: #REF!
Name \G: #REF!
Name \G: #REF!
Name \k: #REF!
Name \k: #REF!
Name \l: #REF!
Name \l: #REF!
Name \M: #REF!
Name \M: #REF!
Name \ñ: #REF!
Name \ñ: #REF!
Name \P: #REF!
Name \P: #REF!
Name \R: #REF!
Name \R: #REF!
Name \s: #REF!
Name \s: #REF!
Name \V: #REF!
Name \V: #REF!
Name \X: ERR
Name \X: 'MC MOCONDINO CENTRO'!ERR
Name \X: ERR
Name \Z: ERR
Name \Z: 'MC MOCONDINO CENTRO'!ERR
Name \Z: ERR
Name _______________V1: #REF!
Name _______________V1: #REF!
Name ______________TC212: #REF!
Name ______________TC212: #REF!
Name _________AFC1: #REF!
Name _________AFC1: #REF!
Name _________AFC3: #REF!
Name _________AFC3: #REF!
Name _________AFC5: #REF!
Name _________AFC5: #REF!
Name _________BGC1: #REF!
Name _________BGC1: #REF!
Name _________BGC3: #REF!
Name _________BGC3: #REF!
Name _________BGC5: #REF!
Name _________BGC5: #REF!
Name _________CAC1: #REF!
Name _________CAC1: #REF!
Name _________CAC3: #REF!
Name _________CAC3: #REF!

Sheet APUS 
B2: LISTA DE PRECIOS UNITARIOS INFRAESTRUCTURA 2026 - ENERO
A4: Codigo | B4: Descripcion | C4: Unidad | D4: Precio sin AUI | E4: Precio con AUI
A5: ACERO | B5: Acero de refuerzo de resistencia 420 Mpa | C5: KG | D5: 8662.07 | E5: 11433
A6: ACOMAR | B6: Acometida aérea en 2#.8+1#8N AWG, hasta tablero de medida principal | C6: ML | D6: 21410.5 | E6: 28261
A7: ACOM12 | B7: Acometida de agua en 1/2". (INCLUYE ACCESORIOS) | C7: UN | D7: 158705 | E7: 209490
A8: ADOQ10 | B8: Adoquín en concreto tipo cruz, 10 cm de espesor incluye suministro, instalación y base arena de 5cm. | C8: M2 | D8: 136240 | E8: 179836
A9: ADOQ6 | B9: Adoquín en concreto tipo cruz, 6 cm de espesor incluye suministro, instalación y base arena de 4cm. | C9: M2 | D9: 109460 | E9: 144487
A10: AFIRM | B10: Afirmado | C10: M3 | D10: 114040.75 | E10: 150533
A11: AFIRMR1 | B11: Afirmado. (Sector rural 13km) | C11: M3 | D11: 148165.75 | E11: 195578
A12: AFIRMR2 | B12: Afirmado. (Sector rural 30km) | C12: M3 | D12: 192790.75 | E12: 254483
A13: ALFCTO | B13: Alfajía en concreto resistencia 21 Mpa (3000 PSI) de 0.25 m refuerzo 2 de 1/4" y estribos de 1/4" cada 20 cm e=6 cm | C13: ML | D13: 58636.25 | E13: 77399
A14: AND10C | B14: Andén en concreto, espesor 10 cm, resistencia 21 Mpa (3000 PSI) | C14: M2 | D14: 83575.5 | E14: 110319
A15: AND8CM | B15: Andén en concreto, espesor 8 cm, resistencia 17.5 Mpa (2500 PSI), con malla electrosoldada 4mm | C15: M2 | D15: 74458.7 | E15: 98285
A16: ANTPEC | B16: Antepecho en varilla cuadrada 3/8 estilo ladrillo pintado con anticorrosivo y pintura esmalte | C16: M2 | D16: 96735.58 | E16: 127690
... A220: VIGADO | B220: Viga de confinamiento transversal adoquín, concreto 21 Mpa (3000 PSI),1 varilla de 1", Tuberia PVC 1/2" , sección 30X15 cm | C220: ML | D220: 64333.18 | E220: 84919
A221: LIMHONG | B221: Limpieza de hongos en placa de concreto, incluye aplicación de solución de hipoclorito, cepillado y enjuague. | C221: M2 | D221: ='APU LIMHONG'!G23 -> 3118.3633 | E221: ='APU LIMHONG'!G29 -> 4116 | G221: APU nuevo elaborado para este presupuesto (ver hoja 'APU LIMHONG')
B309: kñ

Sheet PPTO MOCONDINO CENTRO
D3: PROCESO INFRAESTRUCTURA
D4: NOMBRE DEL FORMATO
D5: PRESUPUESTO
D6: VIGENCIA 20-Oct-17 | F6: VERSIÓN 02 | I6: CONSECUTIVO
C7: OBJETO: | D7: Construcción en escenarios deportivos rurales del municipio de Pasto – Escenario deportivo vereda Mocondino Centro
C8: FECHA: | D8: 46294
C11: Nº | D11: Codigo | E11: Descripción | F11: UN | G11: Vr. Unitario | H11: Cantidad | I11: Vr. Parcial
C13: 1 | D13: PRELIMINARES
C14: 1.1 | D14: CERRAM | E14: =TRIM(VLOOKUP(D14,'APUS '!$A$5:$E$230,2,FALSE())) -> Cerramiento provisional con guadua y tela de cerramiento h=2 m | F14: =VLOOKUP(D14,'APUS '!$A$5:$E$230,3,FALSE()) -> ML | G14: =VLOOKUP(D14,'APUS '!$A$5:$E$230,5,FALSE()) -> 15407 | H14: 102 | I14: =ROUND(G14*H14,0) -> 1571514
C15: 1.2 | D15: REPGRAL | E15: =TRIM(VLOOKUP(D15,'APUS '!$A$5:$E$230,2,FALSE())) -> Replanteo general (área menor 1000m2). | F15: =VLOOKUP(D15,'APUS '!$A$5:$E$230,3,FALSE()) -> M2 | G15: =VLOOKUP(D15,'APUS '!$A$5:$E$230,5,FALSE()) -> 2512 | H15: 143.61 | I15: =ROUND(G15*H15,0) -> 360748
C16: 1.3 | D16: DESCAN | E16: =TRIM(VLOOKUP(D16,'APUS '!$A$5:$E$230,2,FALSE())) -> Desmonte y retiro de canchas multifuncionales. | F16: =VLOOKUP(D16,'APUS '!$A$5:$E$230,3,FALSE()) -> UN | G16: =VLOOKUP(D16,'APUS '!$A$5:$E$230,5,FALSE()) -> 66180 | H16: 2 | I16: =ROUND(G16*H16,0) -> 132360
C17: 1.4 | D17: EXCMAN | E17: =TRIM(VLOOKUP(D17,'APUS '!$A$5:$E$230,2,FALSE())) -> Excavaciones a mano varias sin clasificar, profundidad < 2 m, en seco | F17: =VLOOKUP(D17,'APUS '!$A$5:$E$230,3,FALSE()) -> M3 | G17: =VLOOKUP(D17,'APUS '!$A$5:$E$230,5,FALSE()) -> 37026 | H17: 23.87 | I17: =ROUND(G17*H17,0) -> 883811
C18: 1.5 | D18: RELMANS | E18: =TRIM(VLOOKUP(D18,'APUS '!$A$5:$E$230,2,FALSE())) -> Relleno con material de sitio, compactación manual | F18: =VLOOKUP(D18,'APUS '!$A$5:$E$230,3,FALSE()) -> M3 | G18: =VLOOKUP(D18,'APUS '!$A$5:$E$230,5,FALSE()) -> 35577 | H18: 3.03 | I18: =ROUND(G18*H18,0) -> 107798
C19: 1.6 | D19: RETMAT | E19: =TRIM(VLOOKUP(D19,'APUS '!$A$5:$E$230,2,FALSE())) -> Retiro y disposición de material sobrante cargue a mano con pago de escombrera. | F19: =VLOOKUP(D19,'APUS '!$A$5:$E$230,3,FALSE()) -> M3 | G19: =VLOOKUP(D19,'APUS '!$A$5:$E$230,5,FALSE()) -> 48161 | H19: 29.54 | I19: =ROUND(G19*H19,0) -> 1422676
C20: Subtotal | I20: =SUM(I14:I19) -> 4478907
C21: 2 | D21: CIMENTACIÓN
C22: 2.1 | D22: SOLADO | E22: =TRIM(VLOOKUP(D22,'APUS '!$A$5:$E$230,2,FALSE())) -> Cimentación tipo solado en concreto de resistencia 17.2 Mpa | F22: =VLOOKUP(D22,'APUS '!$A$5:$E$230,3,FALSE()) -> M3 | G22: =VLOOKUP(D22,'APUS '!$A$5:$E$230,5,FALSE()) -> 843704 | H22: 1.12 | I22: =ROUND(G22*H22,0) -> 944948
C23: 2.2 | D23: ZAPATA | E23: =TRIM(VLOOKUP(D23,'APUS '!$A$5:$E$230,2,FALSE())) -> Cimentación tipo zapatas en concreto de resistencia 21 Mpa | F23: =VLOOKUP(D23,'APUS '!$A$5:$E$230,3,FALSE()) -> M3 | G23: =VLOOKUP(D23,'APUS '!$A$5:$E$230,5,FALSE()) -> 1369846 | H23: 2.02 | I23: =ROUND(G23*H23,0) -> 2767089
C24: 2.3 | D24: VIGCIM | E24: =TRIM(VLOOKUP(D24,'APUS '!$A$5:$E$230,2,FALSE())) -> Cimentación tipo viga de amarre, en concreto de resistencia 21 Mpa | F24: =VLOOKUP(D24,'APUS '!$A$5:$E$230,3,FALSE()) -> M3 | G24: =VLOOKUP(D24,'APUS '!$A$5:$E$230,5,FALSE()) -> 1609157 | H24: 5.76 | I24: =ROUND(G24*H24,0) -> 9268744
C25: 2.4 | D25: AFIRM | E25: =TRIM(VLOOKUP(D25,'APUS '!$A$5:$E$230,2,FALSE())) -> Afirmado | F25: =VLOOKUP(D25,'APUS '!$A$5:$E$230,3,FALSE()) -> M3 | G25: =VLOOKUP(D25,'APUS '!$A$5:$E$230,5,FALSE()) -> 150533 | H25: 13.44 | I25: =ROUND(G25*H25,0) -> 2023164
C26: Subtotal | I26: =SUM(I22:I25) -> 15003945
C27: 3 | D27: ACEROS
C28: 3.1 | D28: ACERO | E28: =TRIM(VLOOKUP(D28,'APUS '!$A$5:$E$230,2,FALSE())) -> Acero de refuerzo de resistencia 420 Mpa | F28: =VLOOKUP(D28,'APUS '!$A$5:$E$230,3,FALSE()) -> KG | G28: =VLOOKUP(D28,'APUS '!$A$5:$E$230,5,FALSE()) -> 11433 | H28: 1068.86 | I28: =ROUND(G28*H28,0) -> 12220276
C29: Subtotal | I29: =SUM(I28:I28) -> 12220276
C30: 4 | D30: CONCRETOS
C31: 4.1 | D31: COLUMNA | E31: =TRIM(VLOOKUP(D31,'APUS '!$A$5:$E$230,2,FALSE())) -> Columna en concreto de resistencia 21 Mpa. | F31: =VLOOKUP(D31,'APUS '!$A$5:$E$230,3,FALSE()) -> M3 | G31: =VLOOKUP(D31,'APUS '!$A$5:$E$230,5,FALSE()) -> 1861256 | H31: 3.78 | I31: =ROUND(G31*H31,0) -> 7035548
C32: 4.2 | D32: DEMRIG | E32: =TRIM(VLOOKUP(D32,'APUS '!$A$5:$E$230,2,FALSE())) -> Demolición concreto hidráulico | F32: =VLOOKUP(D32,'APUS '!$A$5:$E$230,3,FALSE()) -> M3 | G32: =VLOOKUP(D32,'APUS '!$A$5:$E$230,5,FALSE()) -> 264981 | H32: 1.88 | I32: =ROUND(G32*H32,0) -> 498164
C33: 4.3 | D33: PLACA8G | E33: =TRIM(VLOOKUP(D33,'APUS '!$A$5:$E$230,2,FALSE())) -> Placa para gradería en concreto rígido 21 Mpa, espesor 8 cm y con malla electrosoldada. | F33: =VLOOKUP(D33,'APUS '!$A$5:$E$230,3,FALSE()) -> M2 | G33: =VLOOKUP(D33,'APUS '!$A$5:$E$230,5,FALSE()) -> 130447 | H33: 27 | I33: =ROUND(G33*H33,0) -> 3522069
C34: 4.4 | D34: PLACA10P | E34: =TRIM(VLOOKUP(D34,'APUS '!$A$5:$E$230,2,FALSE())) -> Placa piso en concreto rígido 21 Mpa, espesor 10cm y malla electrosoldada. | F34: =VLOOKUP(D34,'APUS '!$A$5:$E$230,3,FALSE()) -> M2 | G34: =VLOOKUP(D34,'APUS '!$A$5:$E$230,5,FALSE()) -> 138618 | H34: 89.61 | I34: =ROUND(G34*H34,0) -> 12421559
C35: 4.5 | D35: JUNPAV | E35: =TRIM(VLOOKUP(D35,'APUS '!$A$5:$E$230,2,FALSE())) -> Juntas pavimento rígido, incluye corte y sellado. | F35: =VLOOKUP(D35,'APUS '!$A$5:$E$230,3,FALSE()) -> ML | G35: =VLOOKUP(D35,'APUS '!$A$5:$E$230,5,FALSE()) -> 28264 | H35: 21.2 | I35: =ROUND(G35*H35,0) -> 599197
C36: Subtotal | I36: =SUM(I31:I35) -> 24076537
C37: 5 | D37: MAMPOSTERÍA
C38: 5.1 | D38: MURSEN | E38: =TRIM(VLOOKUP(D38,'APUS '!$A$5:$E$230,2,FALSE())) -> Muro en ladrillo común sencillo. | F38: =VLOOKUP(D38,'APUS '!$A$5:$E$230,3,FALSE()) -> M2 | G38: =VLOOKUP(D38,'APUS '!$A$5:$E$230,5,FALSE()) -> 175176 | H38: 28.4 | I38: =ROUND(G38*H38,0) -> 4974998
C39: 5.2 | D39: REPIMP | E39: =TRIM(VLOOKUP(D39,'APUS '!$A$5:$E$230,2,FALSE())) -> Repello impermeabilizado exterior allanado, espesor 1.5 cm, mezcla 1-4. | F39: =VLOOKUP(D39,'APUS '!$A$5:$E$230,3,FALSE()) -> M2 | G39: =VLOOKUP(D39,'APUS '!$A$5:$E$230,5,FALSE()) -> 40646 | H39: 48.2 | I39: =ROUND(G39*H39,0) -> 1959137
C40: 5.3 | D40: PINVT1 | E40: =TRIM(VLOOKUP(D40,'APUS '!$A$5:$E$230,2,FALSE())) -> Pintura vinilo tipo 1, tres manos. | F40: =VLOOKUP(D40,'APUS '!$A$5:$E$230,3,FALSE()) -> M2 | G40: =VLOOKUP(D40,'APUS '!$A$5:$E$230,5,FALSE()) -> 24219 | H40: 150.93 | I40: =ROUND(G40*H40,0) -> 3655374
C41: Subtotal | I41: =SUM(I38:I40) -> 10589509
C42: 6 | D42: ADECUACIONES
C43: 6.1 | D43: CERRC2.5M | E43: =TRIM(VLOOKUP(D43,'APUS '!$A$5:$E$230,2,FALSE())) -> Cerramiento de protección e impacto | F43: =VLOOKUP(D43,'APUS '!$A$5:$E$230,3,FALSE()) -> M2 | G43: =VLOOKUP(D43,'APUS '!$A$5:$E$230,5,FALSE()) -> 569562 | H43: ='MC MOCONDINO CENTRO'!Q161 -> 28 | I43: =ROUND(G43*H43,0) -> 15947736
C44: 6.2 | D44: LIMHONG | E44: =TRIM(VLOOKUP(D44,'APUS '!$A$5:$E$230,2,FALSE())) -> Limpieza de hongos en placa de concreto, incluye aplicación de solución de hipoclorito, cepillado y enjuague. | F44: =VLOOKUP(D44,'APUS '!$A$5:$E$230,3,FALSE()) -> M2 | G44: =VLOOKUP(D44,'APUS '!$A$5:$E$230,5,FALSE()) -> 4116 | H44: 480 | I44: =ROUND(G44*H44,0) -> 1975680
C45: 6.3 | D45: PINCAN | E45: =TRIM(VLOOKUP(D45,'APUS '!$A$5:$E$230,2,FALSE()))&", incluye la demarcación de las líneas de juego." -> Pintura antideslizante para canchas y pisos, incluye la demarcación de las líneas de juego. | F45: =VLOOKUP(D45,'APUS '!$A$5:$E$230,3,FALSE()) -> M2 | G45: =VLOOKUP(D45,'APUS '!$A$5:$E$230,5,FALSE()) -> 24893 | H45: 500 | I45: =ROUND(G45*H45,0) -> 12446500
C46: 6.4 | D46: CANMUL | E46: =TRIM(VLOOKUP(D46,'APUS '!$A$5:$E$230,2,FALSE())) -> Cancha multifuncional EP2, suministro e instalación. | F46: =VLOOKUP(D46,'APUS '!$A$5:$E$230,3,FALSE()) -> UN | G46: =VLOOKUP(D46,'APUS '!$A$5:$E$230,5,FALSE()) -> 8294352 | H46: 2 | I46: =ROUND(G46*H46,0) -> 16588704
C47: Subtotal | I47: =SUM(I43:I46) -> 46958620
C49: SUBTOTAL OBRAS | I49: =I20+I26+I29+I36+I41+I47 -> 113327794
E51: SUBTOTAL OBRAS | I51: =I49 -> 113327794
E53: VALOR TOTAL | I53: =+I51 -> 113327794
F55: DESCRIPCION | I55: PORCENTAJE
F56: ADMINISTRACION | I56: 0.24
F57: IMPREVISTO | I57: 0.03
F58: UTILIDAD | I58: 0.05
F59: TOTAL A.I.U | I59: 0.32
C60: NOTA 1: Las propiedades de los materiales y los procedimientos constructivos deben cumplir con los requisitos establecidos en las Especificaciones Generales de Construcción para escenarios deportivos, conforme a la normativa vigente y los estándares técnicos reglamentarios.
C62: NOTA 2: El presente presupuesto se realizó de acuerdo a los sectores priorizados entre comunidad y la Secretaría de Desarrollo Comunitario. El alcance del mismo, esta sujeto a los recursos destinados y aprobados por los actores mencionados.
C64: NOTA 3: Para la ejecución del presente proyecto se debe verificar el diseño tipo empleado.
C67: NOTA 4: El presente presupuesto se elaboró teniendo en cuenta el Analisis de Precios Unitarios vigentes en la Secretaría de Infraestructura y Valorización, lista de precios ENERO 2026. El ítem LIMHONG corresponde a un APU nuevo elaborado con cuadrilla y criterios de la misma lista (hoja APU LIMHONG).
C69: NOTA 5: Se recomienda realizar la respectiva actualización de Precios Unitarios, de acuerdo al incremento del salario mínimo mensual legal vigente para la vigencia en que se ejecute la obra.
C71: NOTA 6: El valor parcial de cada ítem corresponde al producto del valor unitario por la cantidad, ajustado al peso: cuando la fracción decimal del peso sea igual o superior a 5 se aproxima por exceso al número entero siguiente del peso y cuando sea inferior a 5 se aproxima por defecto al número entero del peso. Los subtotales y el valor total corresponden a la suma de los valores parciales ya ajustados.

Sheet MC MOCONDINO CENTRO
F1: PROCESO INFRAESTRUCTURA
F2: NOMBRE DEL FORMATO
F3: PREACTA DE OBRA
F4: VIGENCIA 03-Oct-18 | K4: VERSION 02 | L4: CÓDIGO IN-F-013 | O4: PÁGINA
A5: CONTRATO/CONVENIONo.: | G5: OBJETO: Construcción en escenarios deportivos rurales del municipio de Pasto – Escenario deportivo vereda Mocondino Centro
A6: CONTRATISTA/PARTE 2: | L6: SUPERVISOR /INTERVENTOR:
A7: PREACTA DE OBRA No.: | L7: FECHA :
A8: DESCRIPCION GRAFICA | G8: ITEM | H8: DESCRIPCION | L8: UN | M8: DIMENSIONES | Q8: Valor
M9: Cantidad | N9: Longitud | O9: Ancho | P9: Espesor
G10: 1.1 | H10: Cerramiento provisional con guadua y tela de cerramiento h=2 m | L10: ML
H11: Cerramiento del área de trabajo (gradería y cerramiento de impacto): 2 x 34,00 + 2 x 17,00 | M11: 1 | N11: =34*2+17*2 -> 102 | Q11: =M11*N11 -> 102
Q12: =ROUND(SUM(Q11:Q11),2) -> 102
G14: 1.2 | H14: Replanteo general (área menor 1000m2). | L14: M2
M15: Cantidad | N15: Longitud | O15: Ancho
H16: Gradería: longitud x ancho | M16: 1 | N16: 20 | O16: 2 | Q16: =M16*N16*O16 -> 40
H17: Placas de piso nuevas (ítem 4.4) | M17: 1 | N17: =$Q$128 -> 89.61 | Q17: =M17*N17 -> 89.61
H18: Franja de cimentación del cerramiento de impacto: zonas x longitud x 1,00 m | M18: =$M$36 -> 2 | N18: =$N$36 -> 7 | O18: 1 | Q18: =M18*N18*O18 -> 14
Q19: =ROUND(SUM(Q15:Q18),2) -> 143.61
G21: 1.3 | H21: Desmonte y retiro de canchas multifuncionales. | L21: UN
H22: Estructuras multifuncionales existentes a reemplazar (una por extremo de la cancha) | M22: 2 | Q22: =M22 -> 2
Q23: =ROUND(SUM(Q22:Q22),2) -> 2
G25: 1.4 | H25: Excavaciones a mano varias sin clasificar, profundidad < 2 m, en seco | L25: M3
M26: Cantidad | N26: Longitud | O26: Ancho | P26: Profund.
H27: GRADERÍA
H28: Vigas de cimentación longitudinales 0,30 x (0,30 + 0,05 solado) | M28: 2 | N28: =$N$16 -> 20 | O28: 0.3 | P28: 0.35 | Q28: =M28*N28*O28*P28 -> 4.2
H29: Vigas de cimentación transversales: No. = ROUNDUP(L/2,25)+1 | M29: =ROUNDUP($N$16/2.25,0)+1 -> 10 | N29: 0.7 | O29: 0.3 | P29: 0.35 | Q29: =M29*N29*O29*P29 -> 0.735
H30: PLACAS DE PISO NUEVAS (espesor del afirmado 0,15 m)
H31: Placa de complementación zona gradería | M31: 1 | N31: =7.5+1.6 -> 9.1 | O31: 2.15 | P31: 0.15 | Q31: =M31*N31*O31*P31 -> 2.93475
H32: Placa al respaldo de la gradería a construir | M32: 1 | N32: 15 | O32: 0.95 | P32: 0.15 | Q32: =M32*N32*O32*P32 -> 2.1375
H33: Placas de complementación en las esquinas | M33: 4 | N33: 3.8 | O33: 2.2 | P33: 0.15 | Q33: =M33*N33*O33*P33 -> 5.016
H34: Placas atrás de las porterías | M34: 2 | N34: 3 | O34: 0.6 | P34: 0.15 | Q34: =M34*N34*O34*P34 -> 0.54
H35: CIMENTACIÓN DEL CERRAMIENTO DE IMPACTO
H36: Cerramiento de impacto: No. de zonas x longitud por zona (dato para los cálculos) | M36: 2 | N36: 7
H37: Zapatas 0,80 x 0,80 x 1,20: No. = zonas x (ROUNDUP(7,00/2,25)+1) | M37: =$M$36*(ROUNDUP($N$36/2.25,0)+1) -> 10 | N37: 0.8 | O37: 0.8 | P37: 1.2 | Q37: =M37*N37*O37*P37 -> 7.68
H38: Viga de cimentación entre zapatas 0,30 x 0,35: long. = 7,00 - 5 x 0,80 por zona | M38: =$M$36 -> 2 | N38: =$N$36-($M$37/$M$36)*0.8 -> 3 | O38: 0.3 | P38: 0.35 | Q38: =M38*N38*O38*P38 -> 0.63
Q39: =ROUND(SUM(Q26:Q38),2) -> 23.87
G41: 1.5 | H41: Relleno con material de sitio, compactación manual | L41: M3
M42: Cantidad | N42: Área | P42: Altura
H43: Relleno alrededor de columnas de cerramiento: (0,80 x 0,80 - 0,30 x 0,30) x 0,55 por zapata | M43: =$M$37 -> 10 | N43: =0.8*0.8-0.3*0.3 -> 0.55 | P43: 0.55 | Q43: =M43*N43*P43 -> 3.025
Q44: =ROUND(SUM(Q42:Q43),2) -> 3.03
G46: 1.6 | H46: Retiro y disposición de material sobrante cargue a mano con pago de escombrera. | L46: M3
M47: Cantidad | N47: Volumen | P47: Factor
H48: Vigas de gradería: excavación x 1,30 | M48: 1 | N48: =$Q$28+$Q$29 -> 4.935 | P48: 1.3 | Q48: =M48*N48*P48 -> 6.4155
H49: Zapatas y viga del cerramiento: (excavación - relleno) x 1,30 | M49: 1 | N49: =$Q$37+$Q$38-$Q$43 -> 5.285 | P49: 1.3 | Q49: =M49*N49*P49 -> 6.8705
H50: Placas de piso nuevas: excavación x 1,30 | M50: 1 | N50: =$Q$31+$Q$32+$Q$33+$Q$34 -> 10.62825 | P50: 1.3 | Q50: =M50*N50*P50 -> 13.816725
H51: Demolición de paños en mal estado (ítem 4.2) x 1,30 | M51: 1 | N51: =$Q$112 -> 1.875 | P51: 1.3 | Q51: =M51*N51*P51 -> 2.4375
Q52: =ROUND(SUM(Q47:Q51),2) -> 29.54
G54: 2.1 | H54: Cimentación tipo solado en concreto de resistencia 17.2 Mpa | L54: M3
M55: Cantidad | N55: Longitud | O55: Ancho | P55: Espesor
H56: Vigas de cimentación gradería longitudinales | M56: =$M$28 -> 2 | N56: =$N$16 -> 20 | O56: 0.3 | P56: 0.05 | Q56: =M56*N56*O56*P56 -> 0.6
H57: Vigas de cimentación gradería transversales | M57: =$M$29 -> 10 | N57: 0.7 | O57: 0.3 | P57: 0.05 | Q57: =M57*N57*O57*P57 -> 0.105
H58: Zapatas 0,80 x 0,80 | M58: =$M$37 -> 10 | N58: 0.8 | O58: 0.8 | P58: 0.05 | Q58: =M58*N58*O58*P58 -> 0.32
H59: Viga de cimentación del cerramiento entre zapatas | M59: =$M$38 -> 2 | N59: =$N$38 -> 3 | O59: 0.3 | P59: 0.05 | Q59: =M59*N59*O59*P59 -> 0.09
Q60: =ROUND(SUM(Q55:Q59),2) -> 1.12
G62: 2.2 | H62: Cimentación tipo zapatas en concreto de resistencia 21 Mpa | L62: M3
M63: Cantidad | N63: Longitud | O63: Ancho | P63: Espesor
H64: Zapatas del cerramiento 0,80 x 0,80 x 0,30 (x 1,05) | M64: =$M$37 -> 10 | N64: 0.8 | O64: 0.8 | P64: 0.3 | Q64: =M64*N64*O64*P64*1.05 -> 2.016
Q65: =ROUND(SUM(Q63:Q64),2) -> 2.02
G67: 2.3 | H67: Cimentación tipo viga de amarre, en concreto de resistencia 21 Mpa | L67: M3
M68: Cantidad | N68: Longitud | O68: Ancho | P68: Alto
H69: GRADERÍA
H70: Vigas longitudinales 0,30 x 0,30 (x 1,05) | M70: =$M$28 -> 2 | N70: =$N$16 -> 20 | O70: 0.3 | P70: 0.3 | Q70: =M70*N70*O70*P70*1.05 -> 3.78
H71: Vigas transversales 0,30 x 0,30 (x 1,05) | M71: =$M$29 -> 10 | N71: 0.7 | O71: 0.3 | P71: 0.3 | Q71: =M71*N71*O71*P71*1.05 -> 0.6615
H72: CERRAMIENTO DE IMPACTO
H73: Viga de cimentación 0,30 x 0,30, longitud por zona (x 1,05) | M73: =$M$36 -> 2 | N73: =$N$36 -> 7 | O73: 0.3 | P73: 0.3 | Q73: =M73*N73*O73*P73*1.05 -> 1.323
Q74: =ROUND(SUM(Q68:Q73),2) -> 5.76
G76: 2.4 | H76: Afirmado | L76: M3
M77: Cantidad | N77: Longitud | O77: Ancho | P77: Espesor
H78: Placa de complementación zona gradería | M78: =$M$31 -> 1 | N78: =$N$31 -> 9.1 | O78: =$O$31 -> 2.15 | P78: 0.15 | Q78: =M78*N78*O78*P78 -> 2.93475
H79: Placa al respaldo de la gradería a construir | M79: =$M$32 -> 1 | N79: =$N$32 -> 15 | O79: =$O$32 -> 0.95 | P79: 0.15 | Q79: =M79*N79*O79*P79 -> 2.1375
H80: Placas de complementación en las esquinas | M80: =$M$33 -> 4 | N80: =$N$33 -> 3.8 | O80: =$O$33 -> 2.2 | P80: 0.15 | Q80: =M80*N80*O80*P80 -> 5.016
H81: Placas atrás de las porterías | M81: =$M$34 -> 2 | N81: =$N$34 -> 3 | O81: =$O$34 -> 0.6 | P81: 0.15 | Q81: =M81*N81*O81*P81 -> 0.54
H82: Reposición de paños en mal estado | M82: =$M$112 -> 3 | N82: =$N$112 -> 2.5 | O82: =$O$112 -> 2.5 | P82: 0.15 | Q82: =M82*N82*O82*P82 -> 2.8125
Q83: =ROUND(SUM(Q77:Q82),2) -> 13.44
G85: 3.1 | H85: Acero de refuerzo de resistencia 420 Mpa | L85: KG
M86: Cantidad | N86: Longitud | O86: Peso kg/m
H87: GRADERÍA DE DOBLE ESCALÓN
H88: Vigas longitudinales: 2 vigas x 4 Ø1/2" (L x 1,13) | M88: 8 | N88: =$N$16*1.13 -> 22.6 | O88: 0.99 | Q88: =M88*N88*O88 -> 178.992
H89: Estribos Ø3/8" vigas longitudinales @0,15; L = 4 x 0,22 + 0,20 | M89: =2*(ROUNDUP($N$16/0.15,0)+1) -> 270 | N89: =4*(0.3-0.08)+0.2 -> 1.08 | O89: 0.56 | Q89: =M89*N89*O89 -> 163.296
H90: Vigas transversales: 4 Ø1/2" por viga | M90: =4*$M$29 -> 40 | N90: 1.5 | O90: 0.99 | Q90: =M90*N90*O90 -> 59.4
H91: Estribos Ø3/8" vigas transversales @0,15 | M91: =(ROUNDUP(0.7/0.15,0)+1)*$M$29 -> 60 | N91: =4*(0.3-0.08)+0.2 -> 1.08 | O91: 0.56 | Q91: =M91*N91*O91 -> 36.288
H92: Columnas largas de gradería: 4 Ø1/2" (1,40 + 0,50 de anclaje) | M92: =4*$M$105 -> 80 | N92: =$N$105+0.5 -> 1.9 | O92: 0.99 | Q92: =M92*N92*O92 -> 150.48
H93: Columnas cortas de gradería: 4 Ø1/2" (0,60 + 0,50 de anclaje) | M93: =4*$M$106 -> 40 | N93: =$N$106+0.5 -> 1.1 | O93: 0.99 | Q93: =M93*N93*O93 -> 43.56
H94: Estribos Ø3/8" columnas de gradería @0,15; L = 4 x 0,22 + 0,20 | M94: =ROUNDUP(($M$105*$N$105+$M$106*$N$106)/0.15,0) -> 227 | N94: =4*(0.3-0.08)+0.2 -> 1.08 | O94: 0.56 | Q94: =M94*N94*O94 -> 137.2896
H95: CERRAMIENTO DE IMPACTO
H96: Parrilla de zapatas: 8 Ø1/2" por zapata | M96: =8*$M$37 -> 80 | N96: 0.95 | O96: 0.99 | Q96: =M96*N96*O96 -> 75.24
H97: Columnas de cerramiento: 4 Ø1/2" por columna | M97: =4*$M$37 -> 40 | N97: 1.7 | O97: 0.99 | Q97: =M97*N97*O97 -> 67.32
H98: Estribos Ø3/8" columnas de cerramiento: 6 por columna | M98: =6*$M$37 -> 60 | N98: =4*(0.3-0.08)+0.2 -> 1.08 | O98: 0.56 | Q98: =M98*N98*O98 -> 36.288
H99: Viga de cimentación: 4 Ø1/2" por zona (L x 1,13) | M99: =4*$M$36 -> 8 | N99: =$N$36*1.13 -> 7.91 | O99: 0.99 | Q99: =M99*N99*O99 -> 62.6472
H100: Estribos Ø3/8" viga de cimentación @0,15 | M100: =$M$36*(ROUNDUP($N$36/0.15,0)+1) -> 96 | N100: =4*(0.3-0.08)+0.2 -> 1.08 | O100: 0.56 | Q100: =M100*N100*O100 -> 58.0608
Q101: =ROUND(SUM(Q86:Q100),2) -> 1068.86
G103: 4.1 | H103: Columna en concreto de resistencia 21 Mpa. | L103: M3
M104: Cantidad | N104: Altura | O104: Ancho | P104: Largo
H105: Columnas largas de gradería 0,30 x 0,30 (x 1,05) | M105: =2*$M$29 -> 20 | N105: 1.4 | O105: 0.3 | P105: 0.3 | Q105: =M105*N105*O105*P105*1.05 -> 2.646
H106: Columnas cortas de gradería 0,30 x 0,30 (x 1,05) | M106: =$M$29 -> 10 | N106: 0.6 | O106: 0.3 | P106: 0.3 | Q106: =M106*N106*O106*P106*1.05 -> 0.567
H107: Columnas del cerramiento de impacto 0,30 x 0,30 (x 1,05) | M107: =$M$37 -> 10 | N107: 0.6 | O107: 0.3 | P107: 0.3 | Q107: =M107*N107*O107*P107*1.05 -> 0.567
Q108: =ROUND(SUM(Q104:Q107),2) -> 3.78
G110: 4.2 | H110: Demolición concreto hidráulico | L110: M3
M111: Cantidad | N111: Longitud | O111: Ancho | P111: Espesor
H112: Demolición de paños en mal estado | M112: 3 | N112: 2.5 | O112: 2.5 | P112: 0.1 | Q112: =M112*N112*O112*P112 -> 1.875
...

Sheet APU LIMHONG
B1: PROCESO INFRAESTRUCTURA
B2: NOMBRE DEL FORMATO
B3: ANÁLISIS DE PRECIOS UNITARIOS
B4: VIGENCIA | C4: VERSIÓN | E4: CÓDIGO | G4: PÁGINA
B5: 15-Mar-18 | C5: 01 | E5: IN-F-007 | G5: 1
A7: CODIGO ÍTEM | B7: DESCRIPCIÓN ITEM | G7: UNIDAD ÍTEM
A8: LIMHONG | B8: ='APUS '!B221 -> Limpieza de hongos en placa de concreto, incluye aplicación de solución de hipoclorito, cepillado y enjuague. | G8: M2
A10: I. EQUIPO
A11: Código | B11: Descripción | C11: Unidad | D11: Precio | E11: Cantidad | F11: Rendim | G11: Valor
A12: HERRAM | B12: Herramienta menor | C12: $ | D12: 1 | E12: =ROUND(G21*5%,2) -> 133.67 | F12: 1 | G12: =D12*E12/F12 -> 133.67
A13: SUB-TOTAL | G13: =SUM(G12:G12) -> 133.67
A14: II. MATERIALES
A15: Código | B15: Descripción | C15: Unidad | D15: Precio | E15: Cantidad | F15: Rendim | G15: Valor
A16: HIPOCL | B16: Hipoclorito de sodio al 5,25 % (solución de limpieza diluida 1:3) | C16: L | D16: 3892 | E16: 0.08 | F16: 1 | G16: =D16*E16/F16 -> 311.36
A17: SUB-TOTAL | G17: =SUM(G16:G16) -> 311.36
A18: III. MANO DE OBRA
A19: Código | B19: Descripción | C19: Unidad | D19: Precio | E19: Cantidad | F19: Rendim | G19: Valor
A20: CUA-0-1-1 | B20: Cuadrilla 0-1-1 | C20: HORA | D20: 40100 | E20: 1 | F20: 15 | G20: =D20*E20/F20 -> 2673.3333
A21: SUB-TOTAL | G21: =SUM(G20:G20) -> 2673.3333
A23: PRECIO UNITARIO COSTO DIRECTO | G23: =G13+G17+G21 -> 3118.3633
A24: DESCRIPCIÓN | F24: Porcentaje | G24: Valor Total
A25: ADMINISTRACIÓN | F25: 0.24 | G25: =G23*F25 -> 748.4072
A26: IMPREVISTOS | F26: 0.03 | G26: =G23*F26 -> 93.5509
A27: UTILIDAD | F27: 0.05 | G27: =G23*F27 -> 155.91817
F28: SUB-TOTAL | G28: =SUM(G25:G27) -> 997.87627
A29: PRECIO UNITARIO TOTAL CON A.U.I. AJUSTADO AL PESO | G29: =ROUNDDOWN(G23+G28,0) -> 4116
A30: Elaboró: Jaime Andrés Jojoa Cerón
A31: Contratista SIVM – Ingeniero Civil Especialista en Geotecnia y Especialista en Estructuras
A32: Secretaría de Infraestructura y Valorización
A33: Alcaldía Municipal de Pasto
A35: NOTAS DEL APU NUEVO:
A36: 1. Cuadrilla y criterio de herramienta menor tomados de la Lista de Precios Unitarios Oficiales SIVM - Enero 2026 (CUA-0-1-1 = 1 Oficial $22.300/h + 1 Obrero $17.800/h = $40.100/h; herramienta menor = 5 % de la mano de obra, como en los APU oficiales JUNPAV, PINCAN y LINDEM), igual que el APU nuevo LIMJUN de Tamasagra.
A37: 2. Hipoclorito de sodio al 5,25 %: precio de mercado (garrafa de 19 L a $73.938, Ecoquim, septiembre de 2026) = $3.892/L. Consumo: solución 1:3 aplicada a 0,30 L/m² = 0,075 L de producto por m², más 5 % de desperdicio = 0,08 L/m².
A38: 3. Rendimiento asumido: 15 m²/h por cuadrilla (aplicación de la solución, cepillado con cepillo de cerdas duras y enjuague con agua a presión de manguera). A.I.U. 32 % (24 % + 3 % + 5 %), valor ajustado al peso por defecto como en la lista oficial.

Sheet REVISION
B2: REVISIÓN DEL PRESUPUESTO ORIGINAL vs. PRESUPUESTO REVISADO – MOCONDINO CENTRO
B3: Valores revisados enlazados a la hoja del presupuesto. Tope de mínima cuantía 2026 (65 SMMLV x $1.750.905) = $113.808.825.
B5: Código | C5: Descripción | D5: UN | E5: Cant. original | F5: Vr. original | G5: Cant. revisada | H5: Vr. revisado | I5: Diferencia | J5: Observación
B6: CERRAM | C6: =TRIM(VLOOKUP(B6,'APUS '!$A$5:$E$230,2,FALSE())) -> Cerramiento provisional con guadua y tela de cerramiento h=2 m | D6: =VLOOKUP(B6,'APUS '!$A$5:$E$230,3,FALSE()) -> ML | E6: 102 | F6: 1571514 | G6: =SUMIF('PPTO MOCONDINO CENTRO'!$D$13:$D$48,B6,'PPTO MOCONDINO CENTRO'!$H$13:$H$48) -> 102 | H6: =SUMIF('PPTO MOCONDINO CENTRO'!$D$13:$D$48,B6,'PPTO MOCONDINO CENTRO'!$I$13:$I$48) -> 1571514 | I6: =H6-F6 -> 0 | J6: Sin cambio.
B7: REPGRAL | C7: =TRIM(VLOOKUP(B7,'APUS '!$A$5:$E$230,2,FALSE())) -> Replanteo general (área menor 1000m2). | D7: =VLOOKUP(B7,'APUS '!$A$5:$E$230,3,FALSE()) -> M2 | E7: 40 | F7: 100480 | G7: =SUMIF('PPTO MOCONDINO CENTRO'!$D$13:$D$48,B7,'PPTO MOCONDINO CENTRO'!$H$13:$H$48) -> 143.61 | H7: =SUMIF('PPTO MOCONDINO CENTRO'!$D$13:$D$48,B7,'PPTO MOCONDINO CENTRO'!$I$13:$I$48) -> 360748 | I7: =H7-F7 -> 260268 | J7: Se agrega el replanteo de las placas de piso nuevas y de la franja de cimentación del cerramiento de impacto (antes solo la gradería, 40 m²).
B8: DESCAN | C8: =TRIM(VLOOKUP(B8,'APUS '!$A$5:$E$230,2,FALSE())) -> Desmonte y retiro de canchas multifuncionales. | D8: =VLOOKUP(B8,'APUS '!$A$5:$E$230,3,FALSE()) -> UN | E8: 0 | F8: 0 | G8: =SUMIF('PPTO MOCONDINO CENTRO'!$D$13:$D$48,B8,'PPTO MOCONDINO CENTRO'!$H$13:$H$48) -> 2 | H8: =SUMIF('PPTO MOCONDINO CENTRO'!$D$13:$D$48,B8,'PPTO MOCONDINO CENTRO'!$I$13:$I$48) -> 132360 | I8: =H8-F8 -> 132360 | J8: NUEVO: desmonte y retiro de las estructuras existentes para instalar las nuevas (una por extremo, igual que el ítem 6.4).
B9: EXCMAN | C9: =TRIM(VLOOKUP(B9,'APUS '!$A$5:$E$230,2,FALSE())) -> Excavaciones a mano varias sin clasificar, profundidad < 2 m, en seco | D9: =VLOOKUP(B9,'APUS '!$A$5:$E$230,3,FALSE()) -> M3 | E9: 26.7 | F9: 988640 | G9: =SUMIF('PPTO MOCONDINO CENTRO'!$D$13:$D$48,B9,'PPTO MOCONDINO CENTRO'!$H$13:$H$48) -> 23.87 | H9: =SUMIF('PPTO MOCONDINO CENTRO'!$D$13:$D$48,B9,'PPTO MOCONDINO CENTRO'!$I$13:$I$48) -> 883811 | I9: =H9-F9 -> -104829 | J9: CORREGIDO: la memoria calculaba 16 zapatas tomando 14,00 m por lado; son 2 zonas de 7,00 m (10 zapatas). Vigas de gradería con la sección del concreto (0,30) más el solado; viga del cerramiento solo entre zapatas.
B10: RELMANS | C10: =TRIM(VLOOKUP(B10,'APUS '!$A$5:$E$230,2,FALSE())) -> Relleno con material de sitio, compactación manual | D10: =VLOOKUP(B10,'APUS '!$A$5:$E$230,3,FALSE()) -> M3 | E10: 0 | F10: 0 | G10: =SUMIF('PPTO MOCONDINO CENTRO'!$D$13:$D$48,B10,'PPTO MOCONDINO CENTRO'!$H$13:$H$48) -> 3.03 | H10: =SUMIF('PPTO MOCONDINO CENTRO'!$D$13:$D$48,B10,'PPTO MOCONDINO CENTRO'!$I$13:$I$48) -> 107798 | I10: =H10-F10 -> 107798 | J10: NUEVO: relleno alrededor de las columnas de cerramiento dentro de la excavación de las zapatas.
B11: RETMAT | C11: =TRIM(VLOOKUP(B11,'APUS '!$A$5:$E$230,2,FALSE())) -> Retiro y disposición de material sobrante cargue a mano con pago de escombrera. | D11: =VLOOKUP(B11,'APUS '!$A$5:$E$230,3,FALSE()) -> M3 | E11: 17.64 | F11: 849342 | G11: =SUMIF('PPTO MOCONDINO CENTRO'!$D$13:$D$48,B11,'PPTO MOCONDINO CENTRO'!$H$13:$H$48) -> 29.54 | H11: =SUMIF('PPTO MOCONDINO CENTRO'!$D$13:$D$48,B11,'PPTO MOCONDINO CENTRO'!$I$13:$I$48) -> 1422676 | I11: =H11-F11 -> 573334 | J11: CORREGIDO: no incluía el material de las zapatas ni el de la demolición de paños; se aplica el factor 1,30 a todos los renglones.
B12: SOLADO | C12: =TRIM(VLOOKUP(B12,'APUS '!$A$5:$E$230,2,FALSE())) -> Cimentación tipo solado en concreto de resistencia 17.2 Mpa | D12: =VLOOKUP(B12,'APUS '!$A$5:$E$230,3,FALSE()) -> M3 | E12: 1.47 | F12: 1236132 | G12: =SUMIF('PPTO MOCONDINO CENTRO'!$D$13:$D$48,B12,'PPTO MOCONDINO CENTRO'!$H$13:$H$48) -> 1.12 | H12: =SUMIF('PPTO MOCONDINO CENTRO'!$D$13:$D$48,B12,'PPTO MOCONDINO CENTRO'!$I$13:$I$48) -> 944948 | I12: =H12-F12 -> -291184 | J12: Ajustado a 10 zapatas y a vigas de 0,30 de ancho.
B13: ZAPATA | C13: =TRIM(VLOOKUP(B13,'APUS '!$A$5:$E$230,2,FALSE())) -> Cimentación tipo zapatas en concreto de resistencia 21 Mpa | D13: =VLOOKUP(B13,'APUS '!$A$5:$E$230,3,FALSE()) -> M3 | E13: 0 | F13: 0 | G13: =SUMIF('PPTO MOCONDINO CENTRO'!$D$13:$D$48,B13,'PPTO MOCONDINO CENTRO'!$H$13:$H$48) -> 2.02 | H13: =SUMIF('PPTO MOCONDINO CENTRO'!$D$13:$D$48,B13,'PPTO MOCONDINO CENTRO'!$I$13:$I$48) -> 2767089 | I13: =H13-F13 -> 2767089 | J13: NUEVO: había excavación y solado de zapatas pero faltaba el concreto de la zapata.
B14: VIGCIM | C14: =TRIM(VLOOKUP(B14,'APUS '!$A$5:$E$230,2,FALSE())) -> Cimentación tipo viga de amarre, en concreto de resistencia 21 Mpa | D14: =VLOOKUP(B14,'APUS '!$A$5:$E$230,3,FALSE()) -> M3 | E14: 7.99 | F14: 12864727 | G14: =SUMIF('PPTO MOCONDINO CENTRO'!$D$13:$D$48,B14,'PPTO MOCONDINO CENTRO'!$H$13:$H$48) -> 5.76 | H14: =SUMIF('PPTO MOCONDINO CENTRO'!$D$13:$D$48,B14,'PPTO MOCONDINO CENTRO'!$I$13:$I$48) -> 9268744 | I14: =H14-F14 -> -3595983 | J14: CORREGIDO: la viga del cerramiento se contaba dos veces (2 x 14,00 m; son 14,00 m en total) y las columnas del cerramiento también estaban en el ítem 4.1.
B15: AFIRM | C15: =TRIM(VLOOKUP(B15,'APUS '!$A$5:$E$230,2,FALSE())) -> Afirmado | D15: =VLOOKUP(B15,'APUS '!$A$5:$E$230,3,FALSE()) -> M3 | E15: 13.44 | F15: 2023276 | G15: =SUMIF('PPTO MOCONDINO CENTRO'!$D$13:$D$48,B15,'PPTO MOCONDINO CENTRO'!$H$13:$H$48) -> 13.44 | H15: =SUMIF('PPTO MOCONDINO CENTRO'!$D$13:$D$48,B15,'PPTO MOCONDINO CENTRO'!$I$13:$I$48) -> 2023164 | I15: =H15-F15 -> -112 | J15: Sin cambio (redondeo a dos decimales).
B16: ACERO | C16: =TRIM(VLOOKUP(B16,'APUS '!$A$5:$E$230,2,FALSE())) -> Acero de refuerzo de resistencia 420 Mpa | D16: =VLOOKUP(B16,'APUS '!$A$5:$E$230,3,FALSE()) -> KG | E16: 982.64 | F16: 11234576 | G16: =SUMIF('PPTO MOCONDINO CENTRO'!$D$13:$D$48,B16,'PPTO MOCONDINO CENTRO'!$H$13:$H$48) -> 1068.86 | H16: =SUMIF('PPTO MOCONDINO CENTRO'!$D$13:$D$48,B16,'PPTO MOCONDINO CENTRO'!$I$13:$I$48) -> 12220276 | I16: =H16-F16 -> 985700 | J16: CORREGIDO: barras de columnas de cerramiento duplicadas (x2); faltaban la parrilla de zapatas, las barras de las 10 columnas cortas de gradería y 2 de las 4 barras de la viga del cerramiento; estribos con longitud para sección 0,30.
B17: COLUMNA | C17: =TRIM(VLOOKUP(B17,'APUS '!$A$5:$E$230,2,FALSE())) -> Columna en concreto de resistencia 21 Mpa. | D17: =VLOOKUP(B17,'APUS '!$A$5:$E$230,3,FALSE()) -> M3 | E17: 4.12 | F17: 7668747 | G17: =SUMIF('PPTO MOCONDINO CENTRO'!$D$13:$D$48,B17,'PPTO MOCONDINO CENTRO'!$H$13:$H$48) -> 3.78 | H17: =SUMIF('PPTO MOCONDINO CENTRO'!$D$13:$D$48,B17,'PPTO MOCONDINO CENTRO'!$I$13:$I$48) -> 7035548 | I17: =H17-F17 -> -633199 | J17: Ajustado a 10 columnas de cerramiento (antes 16).
... B30: MALCER | C30: =TRIM(VLOOKUP(B30,'APUS '!$A$5:$E$230,2,FALSE())) -> Malla eslabonada para cerramiento. | D30: =VLOOKUP(B30,'APUS '!$A$5:$E$230,3,FALSE()) -> M2 | E30: 0 | F30: 0 | G30: =SUMIF('PPTO MOCONDINO CENTRO'!$D$13:$D$48,B30,'PPTO MOCONDINO CENTRO'!$H$13:$H$48) -> 0 | H30: =SUMIF('PPTO MOCONDINO CENTRO'!$D$13:$D$48,B30,'PPTO MOCONDINO CENTRO'!$I$13:$I$48) -> 0 | I30: =H30-F30 -> 0 | J30: Se retira del presupuesto (cantidad 0).
C31: TOTAL | F31: =SUM(F6:F30) -> 112692808 | H31: =SUM(H6:H30) -> 113327794 | I31: =SUM(I6:I30) -> 634986
C32: Tope mínima cuantía 2026 | H32: 113808825
C33: Diferencia frente al tope (negativo = excede) | H33: =H32-H31 -> 481031
B35: Nota: alcance de una cancha de 30,00 x 16,00 m con gradería de 20,00 m, cerramiento de impacto en 2 zonas de 7,00 x 2,00 m (10 zapatas), placas de piso nuevas y juntas en ellas. Cantidades con formulas enlazadas a la hoja MC MOCONDINO CENTRO. El valor queda por debajo del tope de mínima cuantía (ver diferencia).
